 Dungeon Crawl Stone Soup version 0.30-a0-719-gcc4359ea44 (webtiles) character file.

Game seed: 13332828841822013422

105 Chiseanne the Magician (level 4, 4/30 HPs)
             Began as a Demonspawn Hedge Wizard on Jan 26, 2023.
             Quit the game on level 2 of the Dungeon.
             The game lasted 00:04:31 (1652 turns).

Chiseanne the Magician (Demonspawn Hedge Wizard)    Turns: 1652, Time: 00:04:32

Health: 4/30       AC:  4    Str: 11    XL:     4   Next: 53%
Magic:  0/10       EV: 12    Int: 17    God:
Gold:   76         SH:  0    Dex: 12    Spells: 5/11 levels left

rFire   . . .      SeeInvis .    a - +0 short sword
rCold   . . .      Faith    .    (no shield)
rNeg    . . .      Spirit   .    b - +1 robe
rPois   .          Reflect  .    i - +0 helmet
rElec   .          Harm     .    (no cloak)
rCorr   +          Rampage  .    (no gloves)
Will    .....                    (no boots)
Stlth   ++                       (no amulet)
HPRegen 0.25/turn                f - ring of resist corrosion
MPRegen 0.12/turn                (no ring)

@: no status effects
A: powered by pain 1
a: no special abilities


You were on level 2 of the Dungeon.
You visited 1 branch of the dungeon, and saw 2 of its levels.

You collected 76 gold pieces.

Inventory:

Hand Weapons
 a - a +0 short sword (weapon)
Missiles
 g - 4 poisoned darts (quivered)
 h - 5 stones
Armour
 b - a +1 robe (worn)
 i - a +0 helmet (worn)
Jewellery
 f - a ring of resist corrosion (left hand)
Scrolls
 j - a scroll of teleportation
Potions
 d - a potion of magic
 e - a potion of brilliance


   Skills:
 - Level 1.7 Dodging
 - Level 1.7 Stealth
 * Level 4.0 Spellcasting
 * Level 3.0 Conjurations
 - Level 1.0 Summonings
 - Level 0.8 Translocations
 * Level 1.0 Air Magic


You had 5 spell levels left.
You knew the following spells:

 Your Spells              Type           Power      Damage    Failure   Level
a - Magic Dart            Conj           52%        1d5       4%          1
b - Blink                 Tloc           12%        N/A       17%         2
d - Mephitic Cloud        Conj/Pois/Air  8%         N/A       26%         3

Your spell library contained the following spells:

 Spells                   Type           Power      Damage    Failure   Level
 Static Discharge         Conj/Air       20%        2-3/arc   11%         2
 Sandblast                Erth           6%         2d5       16%         1
 Slow                     Hex            12%        N/A       16%         1
 Call Imp                 Summ           6%         N/A       16%         2
 Cigotuvi's Dreadful Rot  Necr/Pois/Air  8%         N/A       21%         2
 Passwall                 Tmut/Erth      2%         N/A       24%         2
 Stone Arrow              Conj/Erth      16%        3d8       26%         3
 Vhi's Electric Charge    Tloc/Air       12%        N/A       32%         3
 Cause Fear               Hex            1%         N/A       83%         4
 Arcjolt                  Conj/Air       5%         1d15      88%         5
 Lightning Bolt           Conj/Air       5%         1d17      88%         5
 Dragon Form              Tmut           1%         N/A       100%        7
 Dragon's Call            Summ           3%         N/A       100%        9


Dungeon Overview and Level Annotations

Branches:
Dungeon (2/15)

Altars:

Shops:
D:2 !

Annotations:
D:2 Natasha


Innate Abilities, Weirdness & Mutations

You sometimes gain a little power by taking damage.


Message History

The shadow imp completely misses you.
Throw: 7 darts (poison)
Press: ? - help, Q - select action, (/) - cycle Shift-Dir - straight line, f/p - Natasha
Aim: Natasha, carrying a wand of digging (5) (heavily wounded, 47% to hit)
You throw a poisoned dart. The poisoned dart hits Natasha.
Natasha is heavily wounded.
Natasha barely misses you. The shadow imp barely misses you.
The crimson imp barely misses you. The shadow imp hits you.
Throw: 6 darts (poison)
Press: ? - help, Q - select action, (/) - cycle Shift-Dir - straight line, f/p - Natasha
Aim: Natasha, carrying a wand of digging (5) (heavily wounded, 47% to hit)
You throw a poisoned dart.
The poisoned dart barely misses Natasha.
Natasha claws you. The crimson imp closely misses you. The shadow imp hits you.
The shadow imp lashes its tail.
The shadow imp hits you.
Throw: 5 darts (poison)
Press: ? - help, Q - select action, (/) - cycle Shift-Dir - straight line, f/p - Natasha
Aim: Natasha, carrying a wand of digging (5) (heavily wounded, 47% to hit)
You throw a poisoned dart.
The poisoned dart closely misses Natasha.
Natasha claws you.
* * * LOW HITPOINT WARNING * * *
The shadow imp hits you.
* * * LOW HITPOINT WARNING * * *
The shadow imp barely misses you. The crimson imp hits you.
* * * LOW HITPOINT WARNING * * *
Casting: Magic Dart (safe; 4% risk of failure)
Confirm with . or Enter, or press ? or * to list all spells.
Aiming: Magic Dart (safe; 4% risk of failure)
Press: ? - help, Shift-Dir - straight line, f/p - Natasha
Aim: Natasha, carrying a wand of digging (5) (heavily wounded, 100% to hit)
The magic dart hits Natasha.
Natasha is severely wounded.
Natasha claws you but does no damage. The shadow imp hits you.
* * * LOW HITPOINT WARNING * * *
The shadow imp hits you but does no damage.
The crimson imp hits you.
* * * LOW HITPOINT WARNING * * *
Are you sure you want to abandon this character and quit the game? (Confirm with "yes".)

....#....#.#..######
........#.##.#.##.......
........#.#.......K#.###
..............######รท#..
...........##.# #....
..........# #.######..##
..........###...)....##
...........##......###
......5@....#......#
......h55.#........#
..........###......#
#.........# #.######
..........# #..
..........# ###.
..........# ..
(#......... ##
........###


You could see Natasha, a crimson imp (summoned) and 2 shadow imps.

Vanquished Creatures
  Natasha (twice) (D:2)
  2 adders (D:2)
  A worm (D:1)
  An endoplasm (D:2)
  3 goblins (D:1)
  6 hobgoblins (D:1)
  3 jackals (D:1)
  2 quokkas (D:1)
  6 ball pythons
  3 bats (D:1)
  2 frilled lizards (D:1)
  2 kobolds (D:1)
  2 rats (D:1)
35 creatures vanquished.

Notes
Turn   | Place    | Note
-------+----------+-------------------------------------------
     0 | D:1      | Chiseanne the Demonspawn Hedge Wizard began the quest for
                  | the Orb.
     0 | D:1      | Reached XP level 1. HP: 13/13 MP: 4/4
   225 | D:1      | Gained mutation: You sometimes gain a little power by
                  | taking damage. [demonic ancestry]
   225 | D:1      | Reached XP level 2. HP: 19/19 MP: 1/6
  1003 | D:2      | Noticed Natasha
  1005 | D:2      | Reached XP level 3. HP: 24/24 MP: 6/8
  1115 | D:2      | Killed Natasha
  1142 | D:2      | Learned a level 2 spell: Blink
  1146 | D:2      | Learned a level 3 spell: Mephitic Cloud
  1207 | D:2      | Found Xiet's Distillery.
  1301 | D:2      | Noticed Natasha
  1324 | D:2      | Reached XP level 4. HP: 24/30 MP: 6/9
  1485 | D:2      | Killed Natasha
  1486 | D:2      | Reached skill level 4 in Spellcasting
  1486 | D:2      | Reached skill level 1 in Air Magic
  1630 | D:2      | Noticed Natasha
  1652 | D:2      | Quit the game

Illustrated notes

Levels and vault maps discovered:
D:1:      reono_arrival_forest_river, layout_basic
D:2:      layout_rooms, serial_shops, shop_statue, nicolae_ecumenical_oubliette,
          uniq_crazy_yiuf_cottage, uniq_natasha

Skill      XL: |  1  2  3  4 |
---------------+-------------+-----
Conjurations   | 2 3 |  3.0
Spellcasting   | 4 |  4.0
Air Magic      | 1 |  1.0
Dodging        | |  1.7
Stealth        | |  1.7
Summonings     | |  1.0
Translocations | |  0.8

Action                     |  1- 3 |  4- 6 || total
---------------------------+-------+-------++-------
  Melee: Dagger            |     7 |       ||     7
         Short sword       |    35 |    15 ||    50
         Punch             |     1 |       ||     1
  Throw: Dart              |       |     4 ||     4
   Cast: Magic Dart        |    67 |    27 ||    94
         Mephitic Cloud    |     1 |       ||     1
    Use: Scroll            |     5 |       ||     5
         Potion            |       |     1 ||     1
   Stab: Confused          |     1 |       ||     1
 Armour: Robe              |     9 |    10 ||    19
  Dodge: Dodged            |    43 |    31 ||    74

Table legend: (Time is in decaauts)
 A = Elapsed time spent in this place.
 B = Non-inter-level travel time spent in this place.
 C = Inter-level travel time spent in this place.
 D = Time resting spent in this place.
 E = Time spent auto-exploring this place.
 F = Levels seen in this place.
 G = Mean time per level.
                   A        B        C        D        E       F      G
               +--------+--------+--------+--------+--------+-----+--------+
         Total |   1675 |   1631 |     44 |    465 |    814 |   2 |  837.5 |
       Dungeon |   1675 |   1631 |     44 |    465 |    814 |   2 |  837.5 |
               +--------+--------+--------+--------+--------+-----+--------+

Top non-repeatable levels by time:
     D:1: 1232 daAuts
     D:2: 443 daAuts
